Map: Acid Plant LE

Players

Elazer - Winner!

  • Race: Zerg Zerg
  • Spawn Location: 5:00

Zest

  • Race: Protoss Protoss
  • Spawn Location: 11:00

Event: IEM Season 12 - PyeongChang

VOD

Have the link to the VOD?

Description

Time

  • Played on: Feb. 5, 2018, 9:54 p.m.
  • Length: 16:33

All games in this series

Show
View Real Time Build Order
Export as new Build Order

Elazer Zerg - Winner!

Build Orders: Hatch First, Lurkers, Roach Hydra 

Get SALT Encoding   

  12  0:00  Drone  
  13  0:12  Overlord  
  13  0:16  Drone  
  14  0:30  Drone x2  
  16  0:47  Hatchery  
  15  0:51  Drone  
  15  0:54  Drone  
  17  1:00  Drone  
  18  1:08  Extractor  
  17  1:14  Evolution Chamber  
  17  1:15  Spawning Pool  
  17  1:18  Drone  
  17  1:21  Drone  
  18  1:28  Drone  
  19  1:38  Drone  
  20  1:50  Overlord  
  20  2:02  Queen, Zergling x4  
  20  2:03  Queen  
  26  2:10  Metabolic Boost  
  26  2:12  Drone  
  27  2:15  Drone  
  27  2:21  Drone  
  27  2:22  Drone  
  30  2:38  Hatchery  
  30  2:40  Drone  
  30  2:47  Queen  
  32  2:52  Overlord  
  32  2:55  Drone  
  34  2:58  Drone  
  34  2:59  Drone  
  34  3:03  Drone  
  36  3:12  Drone x2  
  38  3:13  Drone x3  
  38  3:17  Overlord  
  41  3:21  Overlord  
  41  3:27  Queen  
  41  3:29  Drone  
  41  3:33  Overlord  
  44  3:40  Drone x2  
  46  3:42  Drone x3  
  46  3:47  Drone  
  50  3:49  Lair  
  50  3:52  Overlord  
  50  3:53  Drone  
  51  3:56  Drone  
  51  3:58  Drone x2  
  51  4:01  Spore Crawler  
  53  4:03  Drone  
  53  4:06  Drone x2  
  56  4:11  Drone  
  56  4:12  Drone  
  52  4:18  Drone  
  52  4:21  Drone  
  52  4:23  Extractor  
  53  4:25  Roach Warren  
  53  4:26  Drone x2  
  53  4:28  Drone  
  53  4:29  Drone  
  56  4:33  Extractor  
  56  4:34  Overlord  
  56  4:38  Overlord  
  55  4:43  Spore Crawler  
  52  4:45  Spore Crawler  
  52  4:46  Extractor  
  52  4:47  Spore Crawler  
  52  4:49  Drone x4  
  54  4:55  Drone x3  
  54  4:56  Drone x3  
  54  4:57  Drone  
  54  4:59  Drone  
  62  5:05  Drone  
  62  5:06  Glial Reconstitution  
  63  5:12  Roach  
  63  5:13  Roach x2  
  69  5:14  Roach  
  69  5:16  Roach  
  69  5:19  Roach  
  75  5:22  Roach  
  75  5:23  Roach  
  75  5:27  Roach  
  81  5:30  Roach  
  81  5:31  Drone x3  
  81  5:32  Drone  
  81  5:33  Drone  
  81  5:34  Drone  
  89  5:37  Overlord  
  89  5:42  Drone x2, Extractor  
  90  5:45  Hydralisk Den  
  90  5:46  Evolution Chamber, Drone  
  90  5:49  Overlord  
  89  5:50  Overlord  
  89  6:02  Overlord  
  89  6:04  Extractor  
  87  6:05  Drone x7, Extractor  
  87  6:07  Drone  
  87  6:08  Drone x2  
  87  6:10  Drone x2  
  98  6:12  Zerg Missile Weapons Level 1  
  98  6:17  Muscular Augments  
  98  6:20  Lurker Den  
  97  6:29  Hydralisk x3  
  97  6:30  Hatchery  
  102  6:39  Drone x3  
  103  6:41  Hydralisk x3  
  103  6:43  Drone x3  
  103  6:45  Drone  
  110  6:51  Overlord, Hydralisk  
  112  6:55  Hydralisk x2  
  112  6:57  Pneumatized Carapace  
  116  7:02  Overseer  
  116  7:03  Hydralisk x2  
  116  7:07  Overlord  
  120  7:10  Hydralisk x2  
  124  7:16  Overlord  
  124  7:23  Hydralisk  
  124  7:24  Hydralisk x2  
  124  7:28  Grooved Spines  
  124  7:29  Zergling x2  
  130  7:30  Zergling x14  
  137  7:42  Overlord  
  137  7:47  Hydralisk  
  137  7:48  Hydralisk x4  
  147  7:52  Hydralisk  
  147  7:57  Zergling x2  
  147  7:58  Zergling x2  
  151  8:07  Hydralisk  
  151  8:08  Hydralisk x3  
  159  8:17  Overlord x3  
  159  8:35  Hydralisk x5  
  159  8:36  Zergling x16  
  159  8:38  Lurker x2  
  159  8:39  Lurker  
  180  8:43  Overlord  
  173  9:10  Zergling x14  
  173  9:13  Lurker x3  
  173  9:14  Lurker  
  184  9:23  Hydralisk x3  
  177  9:29  Hydralisk x5  
  177  9:30  Hydralisk  
  152  9:31  Zergling x2  
  152  9:32  Zergling x16  
  150  9:42  Hydralisk x4  
  153  9:48  Hydralisk x2  
  153  10:06  Hydralisk x4  
  153  10:07  Hydralisk x2  
  153  10:11  Hydralisk x2  
  165  10:15  Zergling x10  
  156  10:21  Hydralisk x3  
  156  10:23  Zergling x2  
  156  10:24  Zergling x12  
  165  10:32  Lurker  
  165  10:34  Overlord  
  161  10:35  Zergling x6  
  161  10:37  Lurker  
  161  10:40  Hydralisk  
  161  10:41  Hydralisk  
  163  10:45  Hatchery  
  163  10:48  Hydralisk x3  
  168  10:54  Zergling x14  
  172  10:58  Lurker  
  172  11:00  Extractor  
  172  11:01  Overlord  
  170  11:04  Overlord x2  
  170  11:05  Overseer  
  170  11:09  Overlord  
  166  11:11  Overlord  
  166  11:13  Lurker x2  
  166  11:15  Overlord  
  166  11:17  Overlord x2  
  168  11:20  Zerg Missile Weapons Level 2  
  168  11:24  Overlord  
  168  11:30  Hydralisk x3  
  172  11:36  Zergling x2  
  172  11:37  Zergling x20  
  149  11:55  Hydralisk  
  149  11:56  Hydralisk x8  
  152  12:03  Infestation Pit  
  152  12:04  Drone x9  
  152  12:11  Hydralisk x3  
  152  12:15  Zergling x14  
  159  12:16  Zergling x2  
  166  12:24  Overlord  
  166  12:28  Overlord  
  166  12:35  Extractor  
  166  12:36  Drone x3  
  168  12:40  Hatchery  
  168  12:43  Hive  
  167  12:44  Spire  
  167  12:50  Zergling x2  
  167  12:51  Zergling x16  
  175  12:52  Hydralisk  
  175  12:53  Hydralisk x7  
  175  12:54  Zergling x2  
  165  13:42  Hydralisk x7  
  165  13:47  Zergling x26  
  158  13:52  Hydralisk x5  
  158  13:53  Hydralisk x3  
  154  14:00  Hydralisk x7  
  157  14:04  Hydralisk x5  
  164  14:10  Hydralisk  
  164  14:11  Hydralisk x3  
  172  14:19  Zergling x8  
  172  14:22  Adaptive Talons  
  176  14:27  Drone  
  176  14:28  Lurker  
  178  14:46  Lurker x4, Zergling x2  
  178  14:47  Zergling x14  
  178  14:49  Lurker  
  178  14:51  Overseer  
  191  14:54  Overseer  
  191  15:00  Zergling x14  
  191  15:03  Lurker  
  195  15:17  Hydralisk x2  
  195  15:20  Zergling x2  
  191  15:30  Hydralisk x5  
  185  15:39  Hydralisk x10  
  187  15:43  Hydralisk x3  
  187  15:46  Zergling x8  
  187  15:47  Zergling x20  
  168  15:52  Hydralisk x3  
  161  16:00  Hydralisk  
  161  16:01  Hydralisk x3  
  161  16:02  Zergling x4  
Show
View Real Time Build Order
Export as new Build Order

Zest Protoss 

Build Orders: 1 Gate Expand, Oracle Opening, Phoenix Opening, Archon Immortal, Zealot Archon, Archon Drop 

Get SALT Encoding   

  12  0:00  Probe  
  13  0:12  Probe  
  14  0:17  Pylon  
  14  0:24  Probe (Chrono Boost)  
  15  0:37  Probe (Chrono Boost)  
  15  0:39  Gateway  
  16  0:45  Probe (Chrono Boost)  
  16  0:47  Assimilator  
  17  0:51  Probe  
  18  1:03  Probe  
  19  1:15  Probe  
  20  1:24  Nexus  
  20  1:34  Cybernetics Core  
  20  1:37  Probe  
  21  1:42  Assimilator  
  21  1:49  Probe  
  21  1:52  Pylon  
  22  2:01  Probe  
  23  2:08  Adept (Chrono Boost)  
  23  2:15  Probe  
  26  2:16  Stargate  
  26  2:22  Warp Gate  
  26  2:28  Probe (Chrono Boost)  
  26  2:29  Adept  
  29  2:36  Probe (Chrono Boost)  
  31  2:45  Probe x2 (Chrono Boost)  
  31  2:50  Probe (Chrono Boost)  
  32  2:51  Probe  
  32  2:58  Phoenix (Chrono Boost)  
  34  3:02  Probe  
  34  3:03  Probe  
  38  3:13  Oracle (Chrono Boost)  
  38  3:14  Probe  
  38  3:15  Probe  
  43  3:20  Pylon  
  43  3:26  Probe  
  43  3:27  Gateway  
  44  3:28  Probe  
  45  3:35  Assimilator x2  
  45  3:38  Probe  
  45  3:39  Oracle (Chrono Boost)  
  45  3:40  Probe  
  47  3:47  Pylon  
  50  3:50  Probe  
  50  3:52  Probe  
  53  4:02  Probe  
  53  4:04  Probe, Robotics Facility  
  54  4:14  Probe  
  54  4:16  Probe  
  56  4:19  Twilight Council  
  56  4:28  Probe  
  56  4:29  Gateway  
  56  4:30  Gateway  
  57  4:43  Charge (Chrono Boost)  
  57  4:48  Warp Prism (Chrono Boost)  
  57  4:55  Templar Archives  
  57  5:01  Gateway x3  
  57  5:05  Gateway, Pylon  
  57  5:12  Pylon  
  57  5:27  Nexus  
  57  5:28  Pylon  
  57  5:33  High Templar x4  
  65  5:37  Pylon  
  65  5:39  Archon  
  65  5:41  Observer (Chrono Boost), Archon  
  66  5:46  Probe x2  
  68  5:58  Probe  
  68  6:03  Immortal (Chrono Boost)  
  73  6:05  Probe  
  73  6:10  Probe  
  75  6:18  Psionic Storm  
  75  6:21  Zealot x4  
  75  6:22  Zealot x3  
  89  6:27  Pylon  
  89  6:33  Immortal (Chrono Boost)  
  93  6:47  Probe x2  
  93  6:48  Probe  
  93  6:50  Assimilator, Pylon  
  96  6:54  Assimilator  
  96  6:59  Probe x2  
  98  7:03  Probe, High Templar x2  
  98  7:04  Zealot x3, Immortal (Chrono Boost)  
  98  7:08  Pylon  
  113  7:16  Robotics Facility  
  113  7:33  Immortal (Chrono Boost)  
  117  7:37  Probe x3  
  117  7:38  Pylon  
  117  7:43  Forge  
  120  7:47  Gateway  
  120  7:57  Shield Battery  
  120  8:05  Pylon  
  124  8:06  Immortal (Chrono Boost)  
  124  8:08  High Templar x2  
  124  8:11  Immortal (Chrono Boost)  
  132  8:16  Protoss Ground Weapons Level 1 (Chrono Boost)  
  132  8:18  Pylon  
  132  8:19  Photon Cannon, Pylon  
  132  8:21  Pylon  
  132  8:38  Zealot x3  
  132  8:39  Zealot  
  140  8:41  High Templar x4  
  140  8:42  Immortal (Chrono Boost)  
  140  8:44  Observer  
  151  8:49  Archon x2  
  137  9:07  Archon  
  137  9:08  Observer  
  137  9:09  Void Ray (Chrono Boost)  
  133  9:15  Zealot x9  
  155  9:17  Observer  
  138  9:37  Zealot x7  
  137  9:45  High Templar  
  137  9:46  High Templar  
  137  9:51  Archon  
  141  9:56  Probe x3  
  133  10:05  Zealot x2  
  133  10:06  Zealot x5  
  141  10:21  Pylon  
  141  10:23  Pylon  
  126  10:46  Protoss Ground Weapons Level 2 (Chrono Boost)  
  126  10:48  Probe x2  
  126  10:49  Probe  
  129  10:55  High Templar  
  129  10:56  High Templar x2  
  133  10:59  Pylon  
  133  11:00  Probe  
  133  11:01  Pylon  
  133  11:04  Pylon  
  132  11:09  Pylon  
  132  11:12  Probe  
  132  11:16  Probe  
  132  11:17  High Templar x3  
  139  11:20  Zealot, High Templar x2  
  139  11:22  Oracle  
  144  11:43  Zealot x4  
  140  12:01  Immortal x2  
  140  12:05  Probe x3  
  141  12:08  Fleet Beacon  
  141  12:09  Stargate  
  141  12:13  High Templar x2  
  145  12:20  Archon  
  145  12:21  Probe x2  
  147  12:34  Photon Cannon  
  147  12:39  Zealot  
  147  12:40  Immortal, Observer  
  154  12:45  Protoss Ground Armor Level 1 (Chrono Boost)  
  154  12:50  Nexus  
  154  12:52  Pylon  
  154  12:59  Tempest (Chrono Boost)  
  154  13:02  Observer  
  161  13:10  Tempest (Chrono Boost)  
  167  13:12  Pylon  
  166  13:20  Observer  
  166  13:21  Zealot  
  166  13:22  Zealot x2  
  164  13:38  Zealot x2  
  164  13:39  Zealot x4  
  121  13:51  Archon  
  121  13:53  Zealot x2  
  88  14:04  Zealot x5  
  94  14:15  Immortal x2 (Chrono Boost)  
  102  14:21  High Templar x2  
  106  14:25  Probe x3  
  106  14:26  High Templar x5  
  106  14:27  Observer, High Templar  
  106  14:30  Archon  
  106  14:31  Archon x3  
  121  14:43  Photon Cannon  
  121  14:46  Shield Battery  
  121  14:56  Zealot x2  
  125  15:02  Zealot x6  
  118  15:37  Zealot x4  
  118  15:38  Zealot  
  90  15:50  Zealot  
  90  15:51  Zealot x2  
  73  16:19  High Templar x4  
  73  16:20  Zealot x4  
  73  16:23  Archon x2  

Tags
 
Add a new tag
Caveats
  • Supply blocks, unpowered buildings, or Contaminate may cause inaccurate times.
  • Supply counts are checked every 10 seconds.